 Dungeon Crawl Stone Soup version 0.30.0-10-gfe55d96785 (webtiles) character file.

Game seed: 6616637848412907127

51 AlmostDecent the Trooper (level 3, -2/29 HPs)
             Began as a Demonspawn Fighter on May 15, 2023.
             Slain by a gnoll
             ... wielding a +0 flail
              (6 damage)
             ... on level 2 of the Dungeon.
             The game lasted 00:02:53 (1183 turns).

AlmostDecent the Trooper (Demonspawn Fighter)       Turns: 1183, Time: 00:02:54

Health: -2/29      AC:  6    Str: 18    XL:     3   Next: 58%
Magic:  3/3        EV:  9    Int:  9    God:
Gold:   54         SH:  4    Dex: 12    Spells: 2/2 levels left

rFire   . . .        a - +0 war axe
rCold   . . .        c - +0 buckler
rNeg    . . .        b - +0 scale mail
rPois   .            (helmet restricted)
rElec   .            (no cloak)
rCorr   .            (no gloves)
SInv    .            (no boots)
Will    .....        i - amulet of the acrobat Stlth
                     (no ring)
HPRegen 0.24/turn    (no ring)
MPRegen 0.08/turn

%: acrobat
@: no status effects
A: antennae 1, powered by pain 1
a: no special abilities


You were on level 2 of the Dungeon.
You visited 1 branch of the dungeon, and saw 2 of its levels.

You collected 54 gold pieces.

Inventory:

Hand Weapons
 a - a +0 war axe (weapon)
Armour
 b - a +0 scale mail (worn)
 c - a +0 buckler (worn)
Jewellery
 i - an amulet of the acrobat (around neck)
Scrolls
 e - a scroll of teleportation {unknown}
 h - a scroll of fog {unknown}
 j - 3 scrolls of identify {unknown}
 k - a scroll of enchant armour {unknown}
 l - a scroll of magic mapping {unknown}
Potions
 d - a potion of might
 f - a potion of ambrosia {unknown}
 g - 2 potions of attraction {unknown}


   Skills:
 + Level 3.3 Fighting
 * Level 2.8 Axes
 + Level 3.0 Armour
 + Level 0.1 Dodging
 + Level 3.0 Shields


You had 2 spell levels left.
You didn't know any spells.
Your spell library contained the following spells:

 Spells                   Type           Power      Damage    Failure   Level
 Beastly Appendage        Tmut           0%         N/A       85%         1
 Wereblood                Tmut           0%         N/A       94%         2
 Spider Form              Tmut/Pois      0%         N/A       99%         3


Dungeon Overview and Level Annotations

Branches:
Dungeon (2/15)

Altars:
Xom


Innate Abilities, Weirdness & Mutations

You have a pair of small antennae on your head.
You sometimes gain a little power by taking damage.


Message History

A hobgoblin comes into view.
There is a stone staircase leading down here.
You closely miss the ball python. You hit the goblin but do no damage.
The ball python barely misses you. x2; You block the ball python's attack.
The ball python barely misses you. You block the goblin's attack.
You slash the ball python!
You kill the ball python!
You hit the goblin.
You kill the goblin!
You barely miss the quokka. You block the quokka's attack.
The quokka bites you.
You slash the quokka!
You kill the quokka!
You see here a quokka corpse.
You slash the hobgoblin!
You kill the hobgoblin!
No target in view!
No target in view!
HP restored.
Found a robe.
There is a shimmering altar of Xom here.
Found a stone staircase leading down.
A gnoll comes into view. It is wielding a +2 heavy flail.
The gnoll shouts!
You hear a shout! x2
A gnoll comes into view. It is wielding a +0 flail.
The gnoll completely misses you.
A gnoll comes into view. It is wielding a +2 heavy spear.
You slash the gnoll!
The gnoll is severely wounded.
The gnoll hits you with a +2 heavy flail!
You hit the gnoll.
You kill the gnoll!
You hit the gnoll. The gnoll barely misses you.
You hit the gnoll.
The gnoll is moderately wounded.
The gnoll hits you from afar with a +2 heavy spear!
The gnoll hits you with a +0 flail.
* * * LOW HITPOINT WARNING * * *
The gnoll hits you with a +0 flail.
You die...

..###########....#
#...## ##.####
###..## #..# ##..#
##.## #####.# #..#
....#.#####.##
#....##...######
###............#
#.#..#######@#
###.#.##...# #)g#
##.....#..### ##g#
#..##.##.## .#
##.........# .#
#..........# .#
<..........# ##
...)....>..#
##.........#


You could see 2 gnolls.

Vanquished Creatures
  A gnoll (D:2)
  3 ball pythons
  4 endoplasms (D:1)
  2 giant cockroaches
  5 goblins
  6 hobgoblins
  2 quokkas
  3 bats
  2 frilled lizards (D:1)
  5 kobolds
  4 rats (D:1)
37 creatures vanquished.

Notes
Turn   | Place    | Note
-------+----------+-------------------------------------------
     0 | D:1      | AlmostDecent the Demonspawn Fighter began the quest for the
                  | Orb.
     0 | D:1      | Reached XP level 1. HP: 18/18 MP: 1/1
   152 | D:1      | Discovered your monstrous ancestry.
   152 | D:1      | Gained mutation: You have a pair of small antennae on your
                  | head. [demonic ancestry]
   152 | D:1      | Reached XP level 2. HP: 24/24 MP: 2/2
   607 | D:1      | Gained mutation: You sometimes gain a little power by
                  | taking damage. [demonic ancestry]
   607 | D:1      | Reached XP level 3. HP: 29/29 MP: 3/3
  1126 | D:2      | Found a shimmering altar of Xom.
  1183 | D:2      | Slain by a gnoll

Illustrated notes

Levels and vault maps discovered:
D:1:      lightli_arrival_chessboard, layout_basic
D:2:      layout_rooms, basic_altar, uniq_crazy_yiuf_cottage, uniq_robin,
          uniq_terence

Skill      XL: |  1  2  3 |
---------------+----------+-----
Axes           | 2 |  2.8
Shields        | 3 |  3.0
Armour         | 3 |  3.0
Fighting       | |  3.3
Dodging        | |  0.1

Action                     || total
---------------------------++-------
  Melee: War axe           ||    87
 Armour: Scale mail        ||    30
  Dodge: Dodged            ||    53
  Block: Buckler           ||    20
